 Dungeon Crawl Stone Soup version 0.22-a0-429-g97ce8ef (webtiles) character file.

113 theanonym the Skirmisher (level 4, -4/37 HPs)
             Began as a Mummy Abyssal Knight on May 25, 2018.
             Was a Believer of Lugonu.
             Slain by Crazy Yiuf
             ... wielding a +4 quarterstaff of chaos
              (9 damage)
             ... while paralysed by Crazy Yiuf
             ... on level 2 of the Dungeon.
             The game lasted 00:03:18 (1967 turns).

theanonym the Skirmisher (Mummy Abyssal Knight)     Turns: 1967, Time: 00:03:19

Health: -4/37      AC: 10    Str: 16    XL:     4   Next: 65%
Magic:  5/5        EV:  2    Int: 11    God:    Lugonu [**....]
Gold:   87         SH:  0    Dex: 11    Spells: 3/3 levels left

rFire    x . .     SeeInvis .   a - +1 spear
rCold    + . .     Gourm    .   (no shield)
rNeg     + + +     Faith    .   d - +0 chain mail
rPois    ∞         Spirit   .   g - +0 helmet
rElec    .         Reflect  .   (no cloak)
rCorr    .         Harm     .   (no gloves)
MR       .....                  j - +0 pair of boots
Stlth    ..........             (no amulet)
HPRegen  0.12/turn              (no ring)
MPRegen  0.09/turn              (no ring)

@: paralysed
A: no food or potions, fire vulnerability, cold resistance 1, negative energy
resistance 3, torment resistance, unbreathing
a: Depart the Abyss, Bend Space, Renounce Religion


Innate Abilities, Weirdness & Mutations

You do not eat or drink.
Your flesh is vulnerable to fire.
You are immune to poison.
Your flesh is cold resistant. (rC+)
You are immune to negative energy. (rN+++)
You are immune to unholy pain and torment.
You can survive without breathing.


   Skills:
 + Level 3.9 Fighting
 * Level 3.4 Polearms
 - Level 1.5 Armour
 - Level 0.7 Dodging
 - Level 1.5 Invocations


You had 3 spell levels left.
You didn't know any spells.
Your spell library was empty.

Skill      XL: |  1  2  3 |
---------------+----------+-----
Polearms       | 2 3 |  3.4
Fighting       | |  3.9
Armour         | |  1.5
Dodging        | |  0.7
Invocations    | |  1.5

Action                   |  1- 3 |  4- 6 || total
-------------------------+-------+-------++-------
Melee: Spear             |   128 |    96 ||   224
Invok: Depart the Abyss  |     1 |       ||     1
  Use: Scroll            |       |     1 ||     1
Armor: Chain mail        |    58 |    60 ||   118
Dodge: Dodged            |    27 |    40 ||    67

Inventory:

Hand Weapons
 a - a +1 spear (weapon)
Armour
 d - a +0 chain mail (worn)
   (You found it on level 1 of the Abyss)
 g - a +0 helmet (worn)
   (You took it off Robin on level 2 of the Dungeon)
 j - a +0 pair of boots (worn)
   (You found it on level 2 of the Dungeon)
Scrolls
 c - 2 scrolls of identify {unknown}
 e - a scroll of amnesia {unknown}
 f - a scroll of blinking {unknown}
 h - a scroll of enchant armour {unknown}
 n - 3 scrolls of remove curse


You were on level 2 of the Dungeon.
You worshipped Lugonu.
Lugonu was pleased with you.
You were not hungry.

You visited 1 branch of the dungeon, and saw 2 of its levels.
You visited the Abyss 1 time.

You collected 87 gold pieces.

Dungeon Overview and Level Annotations

Branches:
Dungeon (2/15)

Altars:
Ashenzari

Annotations:
D:2 Crazy Yiuf

#....# #....#
###....#######
####.# #....#
#....# #.# ######
#....# #.# ###..#
#.# ####
#.####♣♣♣♣♣
#..##...♣.♣♣♣ ###
##.......♣..♣#...#
#......♣♣♣♣@g...#
##.#..♣♣ ♣♣#..)#
####♣♣ ###


You could see Crazy Yiuf.

Notes
Turn   | Place    | Note
-------+----------+-------------------------------------------
     0 | Abyss:1  | theanonym the Mummy Abyssal Knight began the quest for the Orb.
     0 | Abyss:1  | Reached XP level 1. HP: 18/18 MP: 2/2
    40 | Abyss:1  | Noticed a hellwing
    66 | Abyss:1  | Noticed an iron imp
    68 | D:1      | Escaped the Abyss
   268 | D:1      | Reached skill level 2 in Polearms
   317 | D:1      | Reached XP level 2. HP: 24/24 MP: 3/3
   344 | D:1      | Reached * piety under Lugonu
   555 | D:1      | Reached XP level 3. HP: 25/29 MP: 4/4
   952 | D:2      | Noticed Terence
   983 | D:2      | Killed Terence
   983 | D:2      | Reached skill level 3 in Polearms
   983 | D:2      | Reached XP level 4. HP: 34/37 MP: 5/5
  1090 | D:2      | Found a shattered altar of Ashenzari.
  1170 | D:2      | Noticed Robin
  1646 | D:2      | Found a runed door.
  1768 | D:2      | Killed Robin
  1768 | D:2      | Reached ** piety under Lugonu
  1954 | D:2      | Noticed Crazy Yiuf
  1959 | D:2      | HP: 14/37 [Crazy Yiuf/quarterstaff of chaos (7)]
  1964 | D:2      | HP: 8/37 [Crazy Yiuf/quarterstaff of chaos (5)]
  1964 | D:2      | Paralysed by Crazy Yiuf for 6 turns
  1967 | D:2      | Slain by Crazy Yiuf

Vanquished Creatures
  Terence (D:2)
  Robin (D:2)
  A gnoll (D:1)
  3 oozes
  A worm (D:2)
  A leopard gecko (D:1)
  2 bats (D:1)
  3 giant cockroaches (D:1)
  13 goblins
  8 hobgoblins
  4 jackals (D:2)
  A frilled lizard (D:1)
  2 kobolds (D:1)
  9 rats
50 creatures vanquished.

Table legend:
 A = Turns spent in this place as a percentage of turns spent in the entire game.
 B = Non-inter-level travel turns spent in this place as a percentage of non-inter-level travel turns spent in the entire game.
 C = Inter-level travel turns spent in this place as a percentage of turns spent in this place.
 D = Turns resting spent in this place as a percentage of non-inter-level travel turns spent in this place.
 E = Turns spent auto-exploring this place as a percentage of non-inter-level travel turns spent in this place.
 F = Non-inter-level travel turns spent in this place divided by the number of levels of this place that you've seen.
                   A       B       C       D       E      F
               +-------+-------+-------+-------+-------+----------------------
         Total | 100.0 | 100.0 |   1.9 |  14.9 |  60.0 | 643.0
       Dungeon |  96.5 |  96.5 |   2.0 |  15.4 |  60.1 | 930.5
         Abyss |   3.5 |   3.5 |   0.0 |   0.0 |  58.8 |  68.0
               +-------+-------+-------+-------+-------+----------------------
